 Dungeon Crawl Stone Soup version 0.31-a0-233-g139696dc86 (webtiles) character file.

Game seed: 2122168524646176990

43 qw the Shooter (level 3, -1/29 HPs)
             Began as a Minotaur Hexslinger on July 8, 2023.
             Slain by Robin
             ... wielding a +0 club
              (2 damage)
             ... on level 2 of the Dungeon.
             The game lasted 00:00:17 (384 turns).

qw the Shooter (Minotaur Hexslinger)                 Turns: 384, Time: 00:00:18

Health: -1/29      AC:  2    Str: 12    XL:     3   Next: 37%
Magic:  3/3        EV: 12    Int: 10    God:
Gold:   19         SH:  0    Dex: 14    Spells: 3/4 levels left

rFire   . . .        a - +1 sling
rCold   . . .        (no shield)
rNeg    . . .        c - +0 robe
rPois   .            (helmet restricted)
rElec   .            (no cloak)
rCorr   .            (no gloves)
SInv    .            (no boots)
Will    .....        (no amulet)
Stlth   +            (no ring)
HPRegen 0.24/turn    (no ring)
MPRegen 0.08/turn

%: no passive effects
@: no status effects
A: horns 2, retaliatory headbutt
a: no special abilities


You were on level 2 of the Dungeon.
You visited 1 branch of the dungeon, and saw 2 of its levels.

You collected 19 gold pieces.


Innate Abilities, Weirdness & Mutations

You have a pair of horns on your head.
You reflexively headbutt those who attack you in melee.


   Skills:
 - Level 2.0 Fighting
 + Level 3.9 Ranged Weapons
 - Level 2.1 Dodging
 - Level 1.0 Spellcasting
 - Level 2.0 Hexes


You had 3 spell levels left.
You knew the following spells:

 Your Spells              Type           Power      Damage    Failure   Level
a - Slow                  Hex            16%        N/A       16%         1

Your spell library contained the following spells:

 Spells                   Type           Power      Damage    Failure   Level
 Inner Flame              Hex/Fire       2%         N/A       56%         3
 Portal Projectile        Hex/Tloc       4%         N/A       56%         3
 Cause Fear               Hex            2%         N/A       83%         4

Inventory:

Hand Weapons
 a - a +1 sling (weapon)
Armour
 c - a +0 robe (worn)
Jewellery
 f - a +6 ring of strength
Scrolls
 b - a scroll of poison
 d - a scroll of teleportation {unknown}
 e - a scroll of identify {unknown}
Potions
 g - a potion of brilliance {unknown}

Dungeon Overview and Level Annotations

Branches:
Dungeon (2/15)

Altars:

Annotations:
D:2 Robin


Message History

Robin is lightly wounded.
The goblin misses you.
You shoot a sling bullet. The sling bullet hits Robin.
Robin is moderately wounded.
The goblin barely misses you. Robin throws the goblin at you!
You shoot a sling bullet. The sling bullet hits Robin.
Robin is moderately wounded.
The goblin closely misses you. The goblin hits you with a +0 club.
Robin hits you with a +0 club.
You shoot a sling bullet. The sling bullet hits Robin.
Robin is severely wounded.
The goblin no longer looks unusually strong.
The goblin barely misses you. The goblin closely misses you.
You furiously retaliate!
You headbutt the goblin!
You kill the goblin!
Robin throws the goblin at you!
You shoot a sling bullet. The sling bullet closely misses Robin.
The goblin no longer looks unusually strong. x2
The goblin closely misses you. The goblin barely misses you.
You furiously retaliate!
You headbutt the goblin, but do no damage.
Robin roars a battlecry!
The goblins go into a battle-frenzy!
The goblin hits you with a +0 dagger.
You shoot a sling bullet. The sling bullet hits Robin.
Robin is almost dead.
The goblin no longer looks unusually strong. x2
The goblin misses you. You furiously retaliate!
You headbutt the goblin!
You kill the goblin!
The goblin barely misses you.
You shoot a sling bullet. The sling bullet barely misses Robin.
The goblin no longer looks unusually strong.
The goblin closely misses you. The goblin completely misses you.
You furiously retaliate!
You headbutt the goblin!
You kill the goblin!
Robin roars a battlecry!
The goblins go into a battle-frenzy!
You shoot a sling bullet. The sling bullet closely misses Robin.
The goblin hits you with a +0 club. Robin hits you with a +0 club.
You die...

#....#
#....#
#....#
#...>#
#)...#
#....#
###..#
##)##
#g@g#
#8g8#
#$g.#
#8.8#
#...#
#8)8#
#.).#
#8.8#


You could see Robin and 3 goblins.

Vanquished Creatures
  A dart slug (D:1)
  6 ball pythons (D:1)
  3 bats (D:1)
  14 goblins
  2 hobgoblins
  3 jackals (D:1)
  A quokka (D:1)
  A kobold (D:1)
  4 rats (D:1)
35 creatures vanquished.

Notes
Turn   | Place    | Note
-------+----------+-------------------------------------------
     0 | D:1      | qw the Minotaur Hexslinger began the quest for the Orb.
     0 | D:1      | Reached XP level 1. HP: 16/16 MP: 1/1
     0 | D:1      | 0 ||| qw: Version: 0.3-a-46-gb1f654a
     0 | D:1      | 0 ||| qw: Game counter: 3515
     0 | D:1      | 0 ||| qw: Melee chars always use a shield: true
     0 | D:1      | 0 ||| qw: God list: Okawaru
     0 | D:1      | 0 ||| qw: Allow faded altars: false
     0 | D:1      | 0 ||| qw: Do Orc after clearing Dungeon:15 true
     0 | D:1      | 0 ||| qw: Do second Lair branch before Depths: true
     0 | D:1      | 0 ||| qw: Lair rune preference: random
     0 | D:1      | 0 ||| qw: Goals: Normal
     0 | D:1      | 0 ||| PLANNING D:1-11
    55 | D:1      | Reached skill level 3 in Ranged Weapons
    73 | D:1      | Reached XP level 2. HP: 23/23 MP: 2/2
   276 | D:1      | Reached XP level 3. HP: 29/29 MP: 3/3
   358 | D:1      | You fall into a shaft and drop 1 floor!
   366 | D:2      | Noticed Robin
   379 | D:2      | HP: 7/29 [Robin/+0 club (3)]
   384 | D:2      | HP: 1/29 [goblin/+0 club[Robin] (5)]
   384 | D:2      | Slain by Robin

Levels and vault maps discovered:
D:1:      heliophobic_arrival_battle_scene, layout_basic
D:2:      kennysheep_the_goblin_king, layout_rooms, basic_ecumenical_altar,
          serial_shops, nicolae_shop_peninsula, chequers_avenue, uniq_jessica,
          uniq_robin

Skill      XL: |  1  2 |
---------------+-------+-----
Ranged Weapons | 3 |  3.9
Fighting       | 2 |  2.0
Dodging        | |  2.1
Spellcasting   | |  1.0
Hexes          | |  2.0

Action                     || total
---------------------------++-------
   Fire: Sling             ||    90
 Armour: Robe              ||     5
  Dodge: Dodged            ||    26

Table legend:
 A = Non-vault XP
 B = Vault XP
 C = Vault XP percentage of total XP
 D = Non-vault monster count
 E = Vault monster count
 F = Vault count percentage of total count
                 A         B        C        D         E       F
            +---------+---------+-------+---------+---------+-------
      Total |      46 |      16 |  25.8 |      27 |       8 |  22.9
            +---------+---------+-------+---------+---------+-------
        D:1 |      46 |       0 |   0.0 |      27 |       0 |   0.0
        D:2 |       0 |      16 | 100.0 |       0 |       8 | 100.0
            +---------+---------+-------+---------+---------+-------
